 Dungeon Crawl Stone Soup version 0.29-a0-457-g93c1fc3 (webtiles) character file.

Game seed: 11646398775727531896

211 Toastz the Magician (level 6, -4/47 HPs)
             Began as a Djinni Fire Elementalist on May 20, 2022.
             Slain by a scorpion (6 damage)
             ... on level 5 of the Dungeon.
             The game lasted 00:06:40 (5117 turns).

Toastz the Magician (Djinni Fire Elementalist)      Turns: 5117, Time: 00:06:41

Health: -4/47      AC:  2    Str:  7    XL:     6   Next: 13%
Gold:   115        EV: 12    Int: 18    God:
                   SH:  0    Dex: 14

rFire   + + .      SeeInvis .   a - +0 rapier
rCold   x . .      Faith    .   (no shield)
rNeg    . . .      Spirit   .   g - +0 robe
rPois   ∞          Reflect  .   (no helmet)
rElec   .          Harm     .   (no cloak)
rCorr   .          Rampage  .   (no gloves)
Will    +....                   (boots unavailable)
Stlth   ++........              (no amulet)
HPRegen 0.15/turn               b - ring of willpower
MPRegen 0.00/turn               (no ring)

@: flying, very slightly contaminated
A: sickness immunity, fire resistance 2, cold vulnerability 1, float, innate
caster, HP casting, extra vitality 1
a: no special abilities


You were on level 5 of the Dungeon.
You visited 1 branch of the dungeon, and saw 5 of its levels.

You collected 115 gold pieces.

Inventory:

Hand Weapons
 a - a +0 rapier (weapon)
 m - a +0 mace of holy wrath
 n - a +0 short sword
Missiles
 d - 208 stones
Armour
 f - a +0 ring mail
 g - a +0 robe (worn)
Magical Staves
 p - a staff of conjuration
Jewellery
 b - a ring of willpower (left hand)
 v - an amulet of reflection
Scrolls
 h - a scroll of summoning
 o - a scroll of enchant weapon
 q - a scroll of poison
 s - a scroll of vulnerability {unknown}
Potions
 c - 3 potions of brilliance
 e - a potion of ambrosia {unknown}
 i - a potion of haste {unknown}
 k - 2 potions of curing
 l - 2 potions of heal wounds {unknown}
 r - a potion of flight {unknown}
 t - 3 potions of might {unknown}
 u - a potion of cancellation {unknown}


   Skills:
 + Level 3.7 Fighting
 - Level 2.1 Dodging
 - Level 1.5 Stealth
 + Level 3.8 Spellcasting


You couldn't memorise any spells.
You knew the following spells:

 Your Spells              Type           Power      Damage    Failure   Level
a - Foxfire               Conj/Fire      68%        2x1d7     3%          1
b - Scorch                Fire           34%        2d7       4%          2
c - Conjure Flame         Conj/Fire      17%        6-21      9%          3
d - Inner Flame           Hex/Fire       17%        N/A       9%          3
e - Flame Wave            Conj/Fire      17%        2d6       30%         4
f - Summon Small Mammal   Summ           68%        N/A       3%          1
g - Static Discharge      Conj/Air       17%        N/A       4%          2
Your spell library was empty.

Dungeon Overview and Level Annotations

Branches:
Dungeon (5/15)
 Temple: D:4-7

Altars:
Uskayaw


Innate Abilities, Weirdness & Mutations

You are immune to sickness and miasma.
You are immune to poison.
Your flesh is very heat resistant. (rF++)
You are vulnerable to cold. (rC-)
You float through the air rather than walking.
You learn spells naturally, not from books.
Your magical power is your life essence.
You have superior vitality. (+4 MHP)


Message History

You reach down and close the door.
You start resting.
An iguana is nearby!
You reach down and open the door.
The scorpion barely misses you.
You hit the scorpion but do no damage.
The scorpion is lightly wounded.
The scorpion stings you.
* * * LOW HITPOINT WARNING * * *
The iguana closely misses you.
You barely miss the scorpion.
The scorpion is lightly wounded.
The scorpion barely misses you. The iguana closely misses you.
The scorpion closely misses you.
Casting: Foxfire (safe; 3% risk of failure)
Confirm with . or Enter, or press ? or * to list all spells.
There is not enough space to conjure foxfire!
Casting: Foxfire (safe; 3% risk of failure)
Confirm with . or Enter, or press ? or * to list all spells.
The iguana is struck by an arc of lightning.
The iguana is moderately wounded.
You are struck by an arc of lightning.
* * * LOW HITPOINT WARNING * * *
The lightning grounds out.
* * * LOW HITPOINT WARNING * * *
The iguana barely misses you. The scorpion closely misses you.
Casting: Static Discharge (safe; 4% risk of failure)
Confirm with . or Enter, or press ? or * to list all spells.
You miscast Static Discharge.
You are very lightly contaminated with residual magic.
Nothing appears to happen.
* * * LOW HITPOINT WARNING * * *
The iguana bites you.
* * * LOW HITPOINT WARNING * * *
The scorpion barely misses you.
Casting: Static Discharge (safe; 4% risk of failure)
Confirm with . or Enter, or press ? or * to list all spells.
You don't have enough health to cast this spell.
You barely miss the scorpion. The iguana barely misses you.
The scorpion stings you.
You die...

.....#s## ### #.#
#.# #.# #.# ##'##
... ##...## #.#
##.....## #.######
#.......## #.#....#
#.........###....#.#
+.........s@l......#
#.........###......#
##.......## ###....#
##.....## ##..:#
##...## ##.## ##
##+# #.# #.## #.#
#.# #.###.########
#.# ##.##........#
#.#


You could see a scorpion and an iguana.

Vanquished Creatures
  A vampire bat (D:4)
  An orc wizard (D:4)
  3 gnolls (D:3)
  2 adders
  A worm (D:3)
  6 dart slugs
  12 orcs
  11 bats
  7 endoplasms
  5 giant cockroaches
  2 goblins
  A hobgoblin (D:1)
  6 kobolds
  3 quokkas
  7 ball pythons
  2 frilled lizards
  5 rats
75 creatures vanquished.

Vanquished Creatures (others)
  217 foxfires
217 creatures vanquished.

Grand Total: 292 creatures vanquished

Notes
Turn   | Place    | Note
-------+----------+-------------------------------------------
     0 | D:1      | Toastz the Djinni Fire Elementalist began the quest for the
                  | Orb.
     0 | D:1      | Reached XP level 1. HP: 15/15 MP: 0/0
   388 | D:1      | Reached XP level 2. HP: 19/22 MP: 0/0
   452 | D:1      | Reached skill level 1 in Fighting
  1003 | D:1      | Reached XP level 3. HP: 23/27 MP: 0/0
  1003 | D:1      | Learned a level 1 spell: Summon Small Mammal
  1552 | D:1      | Found a faded altar of an unknown god.
  2721 | D:3      | Reached XP level 4. HP: 30/33 MP: 0/0
  2749 | D:3      | Noticed a +0 spear
  2749 | D:3      | Noticed a +0 spear
  2749 | D:3      | Noticed a +0 dagger
  2749 | D:3      | Noticed a +0 short sword
  2750 | D:3      | Noticed a +0 dagger
  2751 | D:3      | Noticed a +0 falchion
  2751 | D:3      | Noticed a +0 short sword
  2751 | D:3      | Noticed a +0 falchion
  2753 | D:3      | Found a hide-covered altar of Uskayaw.
  3512 | D:4      | Reached XP level 5. HP: 37/40 MP: 0/0
  3512 | D:4      | Learned a level 2 spell: Static Discharge
  4567 | D:4      | Reached XP level 6. HP: 21/46 MP: 0/0
  5013 | D:5      | Entered Level 5 of the Dungeon
  5064 | D:5      | Noticed a water moccasin
  5116 | D:5      | HP: 1/47 [iguana (2)]
  5117 | D:5      | Slain by a scorpion

Illustrated notes

Levels and vault maps discovered:
D:1:      dpeg_arrival_arbitrary_a, layout_basic,
          shapermc_ecumenical_altar_mp_ritualfount, minmay_tree_intersection
D:2:      layout_loops_ring, grunt_decor_one_mirror, kennysheep_generic_room_2
D:3:      layout_basic, nicolae_uskayaw_en_pointe, minivault_19,
          minmay_misc_feat_nine_boxes, minmay_stone_trees_medium,
          kennysheep_generic_room_4
D:4:      layout_loops_ring, roderic_batcave
D:5:      layout_loops_corners, mainiacjoe_overflow_large_starburst,
          minmay_temple_entry_large_hall, minivault_1, minivault_25

Skill      XL: |  1  2  3  4  5 |
---------------+----------------+-----
Fighting       | 1 2 3 |  3.7
Spellcasting   | 3 |  3.8
Dodging        | |  2.1
Stealth        | |  1.5

Action                   |  1- 3 |  4- 6 || total
-------------------------+-------+-------++-------
Melee: Unarmed           |     4 |       ||     4
       Rapier            |    11 |    37 ||    48
       Short sword       |    10 |       ||    10
 Cast: Foxfire           |    78 |    49 ||   127
       Static Discharge  |       |    13 ||    13
       Scorch            |       |     8 ||     8
       Summon Small Mamm |       |     2 ||     2
  Use: Scroll            |     7 |     3 ||    10
 Stab: Sleeping          |     2 |       ||     2
Armor: Robe              |     8 |     8 ||    16
Dodge: Dodged            |    23 |    37 ||    60

Table legend: (Time is in decaauts)
 A = Elapsed time spent in this place.
 B = Non-inter-level travel time spent in this place.
 C = Inter-level travel time spent in this place.
 D = Time resting spent in this place.
 E = Time spent auto-exploring this place.
 F = Levels seen in this place.
 G = Mean time per level.
                   A        B        C        D        E       F      G
               +--------+--------+--------+--------+--------+-----+--------+
         Total |   5124 |   4996 |    128 |    212 |   4270 |   5 | 1024.8 |
       Dungeon |   5124 |   4996 |    128 |    212 |   4270 |   5 | 1024.8 |
               +--------+--------+--------+--------+--------+-----+--------+

Top non-repeatable levels by time:
     D:1: 1686 daAuts
     D:4: 1526 daAuts
     D:3: 1104 daAuts
     D:2: 703 daAuts
     D:5: 104 daAuts
